 Dungeon Crawl Stone Soup version 0.28-a0-465-ge2dae52223 (webtiles) character file.

Game seed: 12839885947917075116

474 dolemite99 the Cleaver (level 7, -12/56 HPs)
             Began as a Hill Orc Warper on Sept 15, 2021.
             Was a Follower of Beogh.
             Killed by divine providence
             ... invoked by an orc priest
              (13 damage)
             ... on level 5 of the Dungeon.
             The game lasted 00:05:58 (5849 turns).

dolemite99 the Cleaver (Hill Orc Warper)            Turns: 5849, Time: 00:05:59

Health: -12/56     AC:  7    Str: 16    XL:     7   Next: 10%
Magic:  9/9        EV:  9    Int: 13    God:    Beogh [*.....]
Gold:   159        SH:  0    Dex: 10    Spells: 9/9 levels left

rFire   . . .      SeeInvis .   a - +0 hand axe
rCold   . . .      Faith    .   (no shield)
rNeg    . . .      Spirit   .   z - +0 scale mail
rPois   .          Reflect  .   x - +0 helmet
rElec   .          Harm     .   (no cloak)
rCorr   .          Rampage  .   (no gloves)
Will    .....                   (no boots)
Stlth   ..........              (no amulet)
HPRegen 0.18/turn               (no ring)
MPRegen 0.11/turn               (no ring)

@: hasted, very quick
A: no striking features
a: Renounce Religion


You were on level 5 of the Dungeon.
You worshipped Beogh.
Beogh was aware of your devotion.
You visited 1 branch of the dungeon, and saw 5 of its levels.

You collected 159 gold pieces.

Inventory:

Hand Weapons
 a - a +0 hand axe (weapon)
 l - a +0 arbalest
 q - a +0 hunting sling
 u - a +1 dagger of draining
 y - a +0 hunting sling
 A - a +0 rapier of speed
Missiles
 b - 18 arrows
 g - 78 stones
 m - 3 silver boomerangs
 r - 21 poisoned darts (quivered)
 t - 7 boomerangs
 v - 7 javelins
Armour
 x - a +0 helmet (worn)
 z - a +0 scale mail (worn)
Jewellery
 h - an amulet of reflection
 s - a ring of resist corrosion
Scrolls
 e - a scroll of immolation {unknown}
 f - a scroll of magic mapping {unknown}
 k - a scroll of enchant weapon {unknown}
 n - a scroll of holy word {unknown}
 o - a scroll of teleportation {unknown}
 p - a scroll of summoning {unknown}
Potions
 j - 2 potions of attraction


   Skills:
 - Level 2.4 Fighting
 + Level 9.8 Axes
 - Level 0.8 Throwing
 - Level 1.1 Armour
 - Level 1.5 Dodging
 - Level 1.5 Spellcasting
 - Level 2.4 Translocations


You had 9 spell levels left.
You didn't know any spells.
Your spell library contained the following spells:

 Spells                   Type           Power      Damage    Failure   Level
 Blink                    Tloc           N/A        N/A       50%         2
 Gell's Gravitas          Tloc           3%         N/A       73%         3
 Lesser Beckoning         Tloc           7%         N/A       73%         3
 Teleport Other           Tloc           7%         N/A       73%         3
 Ensorcelled Hibernation  Hex/Ice        2%         N/A       83%         2
 Slow                     Hex            1%         N/A       83%         2
 Confusing Touch          Hex            1%         N/A       96%         3
 Tukima's Dance           Hex            1%         N/A       96%         3
 Manifold Assault         Tloc           7%         N/A       100%        5
 Yara's Violent Unravell  Hex/Tmut       0%         3d3       100%        5


Dungeon Overview and Level Annotations

Branches:
Dungeon (5/15)
 Temple: D:4-7

Altars:

Shops:
D:3 (

Annotations:
D:4 Dowan, Duvessa


Message History

Something hits you but does no damage.
The orc priest hits you but does no damage.
You closely miss the orc priest.
The orc priest is heavily wounded.
You closely miss the orc. x2; You closely miss something.
The orc barely misses you.
You barely miss the orc priest.
The orc priest is heavily wounded.
You closely miss something. You hit the orc but do no damage.
You closely miss the orc. Something hits you.
* * * LOW HITPOINT WARNING * * *
The orc priest barely misses you. The orc barely misses you.
You closely miss the orc priest.
The orc priest is heavily wounded.
You closely miss the orc. You hit the orc.
You kill the orc!
Beogh accepts your kill.
You hit something. Something hits you but does no damage.
The orc priest hits you but does no damage.
You hit the orc priest.
The orc priest is almost dead.
You hit something. You completely miss the orc. The orc barely misses you.
You closely miss the orc priest.
The orc priest is almost dead.
You hit the orc. You closely miss something.
Something hits you but does no damage.
You barely miss the orc priest.
The orc priest is almost dead.
You hit the orc.
You kill the orc!
Beogh accepts your kill.
You miss something.
The orc priest looks encouraged for a moment.
You barely miss the orc priest.
The orc priest is almost dead.
You miss something. Something hits you but does no damage.
The orc priest mumbles some strange prayers to Beogh against you.
Beogh smites you!
You die...
Beogh appreciates the orc priest's killing of a heretic priest.

## #. # ## . ###.. .
......## ..###......# #
......##....######
#....##..........
###................
#)@)[....###.....##
.......o.......###...##
.......###......##..##
.....## #.())....#.#
.##.. #.##)).....# #.
###..###.....## #
...o....o.....###
o.o####......#..# .#
####..#####


You could see an orc priest.

Vanquished Creatures
  A phantom (D:5)
  Blork the orc (D:4)
  3 orc priests
  A hound (D:5)
  Terence (D:3)
  3 orc wizards
  A mummy (D:4)
  5 adders
  An ufetubus (D:5)
  An adder zombie (D:5)
  A worm (D:3)
  3 dart slugs
  8 orcs
  5 endoplasms
  3 goblins
  6 hobgoblins
  2 quokkas
  7 ball pythons
  2 bats (D:1)
  4 frilled lizards
  A hobgoblin zombie (D:4)
  7 kobolds
  A kobold zombie (D:4)
  2 rats
70 creatures vanquished.

Vanquished Creatures (others)
  An orc priest (D:3)
  2 orcs (D:3)
  A ball python (D:3)
  A plant (D:1)
5 creatures vanquished.

Grand Total: 75 creatures vanquished

Notes
Turn   | Place    | Note
-------+----------+-------------------------------------------
     0 | D:1      | dolemite99 the Hill Orc Warper began the quest for the Orb.
     0 | D:1      | Reached XP level 1. HP: 18/18 MP: 3/3
    93 | D:1      | Reached skill level 3 in Axes
   281 | D:1      | Reached XP level 2. HP: 23/25 MP: 4/4
   451 | D:1      | Reached skill level 4 in Axes
  1289 | D:2      | Reached XP level 3. HP: 30/30 MP: 5/5
  1881 | D:3      | Reached skill level 5 in Axes
  2419 | D:3      | Reached XP level 4. HP: 31/37 MP: 6/6
  2520 | D:3      | Became a worshipper of Beogh the Brigand
  2546 | D:3      | Reached skill level 6 in Axes
  2928 | D:3      | Noticed Terence
  2944 | D:3      | Killed Terence
  3306 | D:3      | Found Wisuxkom's Weapon Shop.
  3690 | D:5      | Entered Level 5 of the Dungeon
  3922 | D:4      | Reached XP level 5. HP: 27/42 MP: 7/7
  4050 | D:4      | Found a sand-covered staircase.
  4129 | D:4      | Reached skill level 7 in Axes
  4409 | D:4      | Noticed Blork the orc
  4440 | D:4      | Killed Blork the orc
  4441 | D:4      | Reached skill level 8 in Axes
  4441 | D:4      | Reached XP level 6. HP: 32/50 MP: 8/8
  5076 | D:4      | Noticed Dowan
  5132 | D:4      | Noticed Duvessa
  5472 | D:5      | Reached skill level 9 in Axes
  5829 | D:5      | Reached XP level 7. HP: 44/56 MP: 9/9
  5832 | D:5      | Reached * piety under Beogh
  5840 | D:5      | HP: 1/56 [orc priest (2)]
  5849 | D:5      | Killed from afar by an orc priest

Illustrated notes

Levels and vault maps discovered:
D:1:      psy_arrival_dodecagon, layout_loops_ring, serial_bayou_crossing
D:2:      layout_loops_ring
D:3:      layout_loops_ring, serial_shops, shop, uniq_terence
D:4:      layout_gridville, nicolae_ossuary_entry_giza, uniq_duvessa,
          uniq_blork_the_orc, uniq_eustachio
D:5:      layout_layer_cave, lemuel_tele_altar, nzn_wu_jian_council_hall,
          kennysheep_mini

Skill      XL: |  1  2  3  4  5  6 |
---------------+-------------------+-----
Axes           | 3 4 5 6 8 9 |  9.8
Fighting       | |  2.4
Throwing       | |  0.8
Armour         | |  1.1
Dodging        | |  1.5
Spellcasting   | |  1.5
Translocations | |  2.4

Action                   |  1- 3 |  4- 6 |  7- 9 || total
-------------------------+-------+-------+-------++-------
Melee: Hand axe          |   112 |   139 |    17 ||   268
Throw: Boomerang         |     5 |       |       ||     5
       Stone             |    20 |     3 |       ||    23
       Javelin           |       |    17 |       ||    17
       Dart              |       |    18 |       ||    18
Invok: Convert to Beogh  |       |     1 |       ||     1
  Use: Potion            |     4 |     1 |     1 ||     6
       Scroll            |       |     3 |     1 ||     4
Armor: Leather armour    |    25 |     3 |       ||    28
       Scale mail        |       |    26 |    10 ||    36
       Skin              |       |     6 |       ||     6
Dodge: Dodged            |    72 |    51 |     7 ||   130

Table legend: (Time is in decaauts)
 A = Elapsed time spent in this place.
 B = Non-inter-level travel time spent in this place.
 C = Inter-level travel time spent in this place.
 D = Time resting spent in this place.
 E = Time spent auto-exploring this place.
 F = Levels seen in this place.
 G = Mean time per level.
                   A        B        C        D        E       F      G
               +--------+--------+--------+--------+--------+-----+--------+
         Total |   5865 |   5639 |    226 |   2604 |   2097 |   5 | 1173.0 |
       Dungeon |   5865 |   5639 |    226 |   2604 |   2097 |   5 | 1173.0 |
               +--------+--------+--------+--------+--------+-----+--------+

Top non-repeatable levels by time:
     D:3: 2066 daAuts
     D:4: 1444 daAuts
     D:1: 875 daAuts
     D:2: 772 daAuts
     D:5: 706 daAuts
